 Dungeon Crawl Stone Soup version 0.28-a0-1227-ga9037bb4c8 (webtiles) character file.

Game seed: 3503428890442914340

23765 freelancePsychic the Severer (level 13, -4/130 HPs)
             Began as a Hill Orc Monk on Dec 22, 2021.
             Was a High Priest of Zin.
             Slain by a manticore (8 damage)
             ... on level 10 of the Dungeon.
             The game lasted 00:39:58 (15643 turns).

freelancePsychic the Severer (Hill Orc Monk)       Turns: 15643, Time: 00:40:02

Health: -4/130     AC: 18    Str: 22    XL:     13   Next: 8%
Magic:  22/23      EV:  9    Int: 15    God:    Zin [*****.]
Gold:   1335       SH:  0    Dex: 18    Spells: 12/12 levels left

rFire   + . .      SeeInvis +   a - +7 broad axe of Defilement {flame, rElec rPois rF- Int+2}
rCold   + . .      Faith    .   (no shield)
rNeg    . . .      Spirit   .   M - +0 plate armour
rPois   ∞          Reflect  .   (no helmet)
rElec   +          Harm     .   K - +2 cloak
rCorr   +          Rampage  .   F - +0 pair of gloves
Will    .....                   (no boots)
Stlth   ..........              (no amulet)
HPRegen 0.31/turn               m - ring of resist corrosion
MPRegen 0.18/turn               E - ring of see invisible

@: vitalised, resistant, unable to read
A: agile 1, fire resistance 1, high mp 1, mutation resistance 1, robust 1,
screaming 1, inability to read while threatened
a: Renounce Religion, Recite, Vitalisation, Imprison, Sanctuary, Donate Gold


You were on level 10 of the Dungeon.
You worshipped Zin.
Zin was extremely pleased with you.
You visited 3 branches of the dungeon, and saw 13 of its levels.
You also visited: Ossuary.

You collected 2324 gold pieces.
You spent 48 gold pieces at shops.
You donated 941 gold pieces to Zin.

Inventory:

Hand Weapons
 a - the +7 broad axe of Defilement (weapon) {flame, rElec rPois rF- Int+2}
   (You acquired it on level 4 of the Dungeon)

   It burns those it strikes, dealing additional fire damage.
   Big, fiery blades are also staple armaments of hydra-hunters.
   Int:       It affects your intelligence (+2).
   rF:        It makes you vulnerable to fire.
   rElec:     It insulates you from electricity.
   rPois:     It protects you from poison.
 b - a +3 battleaxe
 q - a +0 hand axe
Missiles
 p - 34 poisoned darts (quivered)
 L - 7 boomerangs
Armour
 h - a +0 robe
 F - a +0 pair of gloves (worn)
 K - a +2 cloak (worn)
 M - a +0 plate armour (worn)
Jewellery
 m - a ring of resist corrosion (left hand)
 t - a ring of flight
 A - a ring of positive energy
 E - a ring of see invisible (right hand)
Wands
 v - a wand of acid (8)
 D - a wand of iceblast (10)
Scrolls
 c - a scroll of summoning
 l - 2 scrolls of amnesia
 o - a scroll of blinking
 u - 2 scrolls of enchant weapon
 y - 3 scrolls of vulnerability
 C - a scroll of brand weapon
 H - a scroll of fog
 I - a scroll of magic mapping
 J - a scroll of teleportation {@r4}
Potions
 e - 3 potions of mutation
 g - 4 potions of brilliance
 i - 3 potions of degeneration
 j - 4 potions of attraction {unknown}
 k - 4 potions of curing {@q1}
 n - 3 potions of haste {unknown}
 r - 2 potions of resistance
 s - a potion of magic {unknown}
 w - 2 potions of berserk rage {unknown}
 z - a potion of cancellation {unknown}
 G - a potion of invisibility {unknown}


   Skills:
 + Level 12.9 Fighting
 - Level 17.9(18.0) Axes
 - Level 2.3(10.2) Maces & Flails
 + Level 9.0 Armour
 + Level 4.8 Dodging
 - Level 1.5 Stealth
 + Level 11.4 Invocations


You had 12 spell levels left.
You didn't know any spells.
Your spell library contained the following spells:

 Spells                   Type           Power      Damage    Failure   Level
 Foxfire                  Conj/Fire      0%         2x1d4     98%         1
 Slow                     Hex            0%         N/A       98%         1
 Passwall                 Tmut/Erth      0%         N/A       99%         2
 Confusing Touch          Hex            0%         N/A       100%        3
 Conjure Flame            Conj/Fire      0%         6-21      100%        3
 Inner Flame              Hex/Fire       0%         N/A       100%        3
 Swiftness                Air            0%         N/A       100%        3
 Vampiric Draining        Necr           0%         2d6       100%        3
 Flame Wave               Conj/Fire      0%         2d4       100%        4
 Borgnjor's Revivificati  Necr           0%         N/A       100%        8
 Necromutation            Tmut/Necr      0%         N/A       100%        8
 Death's Door             Necr           0%         N/A       100%        9


Dungeon Overview and Level Annotations

Branches:
Dungeon (10/15)            Temple (1/1) D:5             Orc (2/2) D:9
Ossuary (visited)
   Lair: D:8-11         Elf: Orc:2

Altars:
Ashenzari
Dithmenos
Elyvilon
Kikubaaqudgha
Nemelex Xobeh
Okawaru
Ru
Vehumet
Wu Jian
Xom
Yredelemnul
Zin
The Shining One

Shops:
D:4 !*


Innate Abilities, Weirdness & Mutations

You are agile. (Dex +2)
Your flesh is heat resistant. (rF+)
You have an increased reservoir of magic. (+10% MP)
You are somewhat resistant to further mutation.
You are robust. (+10% HP)
You occasionally shout uncontrollably at your foes.
You sometimes lose the ability to read scrolls when taking damage.


Message History

The manticore claws you but does no damage. x2
You hit the boulder beetle but do no damage.
The boulder beetle is lightly wounded.
You completely miss the manticore. The boulder beetle bites you.
You hit the boulder beetle. You burn the boulder beetle.
The boulder beetle is lightly wounded.
You hit the manticore. You burn the manticore.
You are ready to recite again.
The manticore bites you. The manticore closely misses you. x2
You hit the boulder beetle. You burn the boulder beetle.
The boulder beetle is moderately wounded.
You barely miss the manticore. The boulder beetle bites you!!
* * * LOW HITPOINT WARNING * * *
The manticore bites you but does no damage.
The manticore claws you but does no damage. x2
You cannot read scrolls in your current state!
It was a potion of degeneration.
There was something very wrong with that liquid.
Your divine stamina protects you from strength loss.
Your divine stamina protects you from intelligence loss.
Your divine stamina protects you from dexterity loss.
The boulder beetle bites you but does no damage.
The manticore bites you but does no damage.
The manticore claws you but does no damage. x2
You hit the boulder beetle. You burn the boulder beetle.
The boulder beetle is moderately wounded.
You barely miss the manticore. The boulder beetle bites you!
* * * LOW HITPOINT WARNING * * *
The manticore bites you!
* * * LOW HITPOINT WARNING * * *
The manticore closely misses you.
The manticore claws you but does no damage.
It was a potion of resistance.
You feel protected. The boulder beetle bites you!! Zin protects you from harm!
The manticore completely misses you. The manticore closely misses you.
The manticore claws you!
You die...
Xom titters!

##......... .
##.<######## ..
######÷.## ..
#......## #.
#(###### #..##.#
.
#....########..#
#...............
#....B@(........
#...###H#####.##
...... #c#
##.... #.#D#
........# #..
#......#$ .#..
...#...# # ...
.. .# #


c You could see a boulder beetle, a centaur warrior, a manticore and an acid
dragon.

Vanquished Creatures
  An ogre mage (Orc:2)
  2 centaur warriors (D:10)
  Erica (D:8)
  10 two-headed ogres
  An orc high priest (Orc:1)
  2 orc knights (Orc:1)
  An ugly thing (D:10)
  A cyclops (D:10)
  Joseph (D:8)
  A gargoyle (D:10)
  6 trolls
  Sigmund (D:4)
  13 yaks
  A golden eye (D:4)
  A steam dragon (D:10)
  9 wargs
  Edmund (D:5)
  A water moccasin (D:6)
  14 orc warriors
  An ice beast (D:7)
  A black bear (D:5)
  A hornet zombie (D:6)
  17 ogres
  A sky beast (D:5)
  2 centaurs
  A necrophage (D:5)
  A phantom (D:4)
  5 bullfrogs
  2 kobold brigands (D:9)
  7 scorpions (Ossuary)
  12 killer bees
  4 wights (D:9)
  4 howler monkeys
  A bullfrog zombie (D:5)
  2 hounds (D:6)
  A jelly (D:5)
  3 centaur skeletons
  A gnoll shaman (D:7)
  15 orc priests
  2 bullfrog skeletons
  3 centaur zombies
  Ijyb (D:5)
  2 iguanas
  19 orc wizards
  8 scorpion zombies (Ossuary)
  A killer bee zombie (D:9)
  A hound skeleton (D:4)
  3 mummies (Ossuary)
  5 gnolls (D:7)
  6 adders
  A shadow imp (D:5)
  An adder skeleton (D:4)
  3 worms
  3 dart slugs
  64 orcs
  8 ball pythons
  11 endoplasms
  5 giant cockroaches
  5 goblins
  6 hobgoblins
  11 jackals
  18 kobolds
  4 quokkas
  8 bats
  3 frilled lizards
  A gnoll zombie (Ossuary)
  5 hobgoblin zombies (Ossuary)
  4 kobold zombies (Ossuary)
  2 orc zombies (Ossuary)
  7 rats
371 creatures vanquished.

Vanquished Creatures (collateral kills)
  Sonja (Orc:1)
  3 orc warriors (Orc:1)
  An ogre (Orc:1)
  2 orc priests (Orc:1)
  An orc wizard (Orc:1)
  3 orcs
11 creatures vanquished.

Vanquished Creatures (others)
  3 withered plants (D:4)
3 creatures vanquished.

Grand Total: 385 creatures vanquished

Notes
Turn   | Place    | Note
-------+----------+-------------------------------------------
     0 | D:1      | freelancePsychic the Hill Orc Monk began the quest for the
                  | Orb.
     0 | D:1      | Reached XP level 1. HP: 19/19 MP: 1/1
   424 | D:1      | Found a faded altar of an unknown god.
   443 | D:1      | Reached XP level 2. HP: 22/27 MP: 2/2
   446 | D:1      | Prayed at the altar of an unknown god.
   446 | D:1      | Became a worshipper of Xom of Chaos
   519 | D:1      | Reached skill level 1 in Armour
   559 | D:1      | XOM: smoke on damage
   784 | D:1      | XOM: silly message
   938 | D:1      | Reached XP level 3. HP: 32/33 MP: 3/3
  1029 | D:1      | XOM: noise
  1171 | D:1      | Reached skill level 5 in Axes
  1738 | D:2      | XOM: polymorph jackal -> hobgoblin
  1860 | D:2      | Reached XP level 4. HP: 34/40 MP: 4/4
  2969 | D:4      | Reached XP level 5. HP: 41/47 MP: 5/5
  3007 | D:4      | Noticed a phantom
  3007 | D:4      | XOM: 4-stop teleportation journey
  3020 | D:4      | Reached skill level 6 in Axes
  3024 | D:4      | XOM: silly message
  3120 | D:4      | Noticed a black bear
  3131 | D:4      | Noticed a golden eye
  3131 | D:4      | a black bear changed into a golden eye
  3131 | D:4      | XOM: polymorph black bear -> golden eye
  3135 | D:4      | XOM: confuse monster(s)
  3139 | D:4      | XOM: scenery: create altars
  3144 | D:4      | Noticed Sigmund
  3363 | D:4      | XOM: summons friendly ufetubus
  3517 | D:4      | XOM: blink monster(s)
  3519 | D:4      | XOM: scenery: create altars
  3540 | D:4      | Reached skill level 1 in Maces & Flails
  3612 | D:4      | Reached XP level 6. HP: 37/55 MP: 6/6
  3709 | D:4      | Found an ancient bone altar of Kikubaaqudgha.
  3766 | D:4      | XOM: god gift: glowing golden potion {god gift}
  3808 | D:4      | XOM: enchant monster (bad)
  3844 | D:4      | XOM: cast spell 'Discord'
  4088 | D:4      | Identified a scroll of acquirement
  4088 | D:4      | Acquired the +7 broad axe of Defilement {flame, rElec rPois
                  | rF- Int+2}
  4095 | D:4      | Reached skill level 5 in Fighting
  4095 | D:4      | Reached skill level 7 in Axes
  4217 | D:4      | Found Gofagu's General Store.
  4223 | D:4      | Found Fiucuatt's Distillery.
  4231 | D:4      | XOM: fake destruction
  4245 | D:4      | XOM is BORED!
  4249 | D:4      | Killed a golden eye
  4250 | D:4      | Reached XP level 7. HP: 61/61 MP: 7/7
  4309 | D:4      | Bought a scroll of identify for 24 gold pieces
  4309 | D:4      | Bought a scroll of identify for 24 gold pieces
  4356 | D:4      | XOM: divination: detect creatures
  4362 | D:4      | Killed Sigmund
  4363 | D:4      | Reached skill level 8 in Axes
  4792 | D:5      | Entered Level 5 of the Dungeon
  4831 | D:5      | XOM: summons 2 hostile demons
  4882 | D:5      | Noticed Edmund
  4895 | D:5      | XOM: summons friendly quasit
  4902 | D:5      | Killed Edmund
  4903 | D:5      | Reached XP level 8. HP: 50/70 MP: 8/8
  4912 | D:5      | XOM: summons 3 hostile demons
  4914 | D:5      | Reached skill level 9 in Axes
  4929 | D:5      | XOM: noise
  4967 | D:5      | Found a sand-covered staircase.
  4973 | Ossuary  | Entered an ossuary
  5069 | Ossuary  | Reached skill level 5 in Armour
  5116 | Ossuary  | Reached skill level 10 in Axes
  5161 | Ossuary  | XOM: give mutation
  5161 | Ossuary  | Gained mutation: You occasionally shout uncontrollably at
                  | your foes. [Xom's mischief]
  5247 | Ossuary  | XOM: summons 5 hostile demons
  5248 | Ossuary  | Noticed a ynoxinul
  5248 | Ossuary  | Noticed a smoke demon
  5383 | Ossuary  | XOM: fog
  5398 | Ossuary  | Reached XP level 9. HP: 75/79 MP: 9/9
  5400 | Ossuary  | Reached skill level 11 in Axes
  5410 | Ossuary  | XOM: god gift: wand of acid (8)
  5851 | D:5      | Noticed Ijyb
  5856 | D:5      | Killed Ijyb
  5935 | D:5      | XOM: god gift: 58 gold pieces
  6197 | D:5      | XOM: give mutations
  6197 | D:5      | Gained mutation: You are robust. (+10% HP) [Xom's grace]
  6197 | D:5      | Gained mutation: Your flesh is heat resistant. (rF+) [Xom's
                  | grace]
  6197 | D:5      | Gained mutation: You have an increased reservoir of magic.
                  | (+10% MP) [Xom's grace]
  6318 | D:5      | XOM: god gift: 1349 gold pieces
  6443 | D:6      | XOM: give mutations
  6443 | D:6      | Gained mutation: You are agile. (Dex +2) [Xom's grace]
  6443 | D:6      | Gained mutation: You are very agile. (Dex +4) [Xom's grace]
  6456 | D:6      | Reached skill level 1 in Invocations
  6613 | D:6      | Reached skill level 12 in Axes
  6620 | D:6      | XOM: silly message
  6780 | D:6      | XOM: summons 5 hostile demons
  6804 | D:6      | XOM: give mutations
  6804 | D:6      | Gained mutation: You are somewhat resistant to further
                  | mutation. [Xom's mischief]
  6804 | D:6      | Lost mutation: You are very agile. (Dex +4) [Xom's
                  | mischief]
  6804 | D:6      | Gained mutation: You are dopey. (Int -2) [Xom's mischief]
  6804 | D:6      | Lost mutation: You are dopey. (Int -2) [Xom's mischief]
  7096 | D:6      | XOM: noise
  7370 | D:6      | XOM: summons 3 friendly demons
  7405 | D:5      | Found a staircase to the Ecumenical Temple.
  7410 | Temple   | XOM: noise
  7410 | Temple   | Entered the Ecumenical Temple
  7434 | Temple   | Fell from the grace of Xom
  7434 | Temple   | Became a worshipper of Zin the Law-Giver
  7434 | Temple   | Reached * piety under Zin
  7434 | Temple   | Reached ** piety under Zin
  7435 | Temple   | Donated 753 gold pieces to Zin
  7450 | Temple   | Reached *** piety under Zin
  7675 | D:7      | XOM: silly message
  7903 | D:7      | Reached **** piety under Zin
  7979 | D:7      | XOM: silly message
  8021 | D:7      | Reached skill level 13 in Axes
  8069 | D:7      | Reached XP level 10. HP: 99/99 MP: 14/14
  8492 | D:7      | XOM: noise
  8559 | D:7      | XOM: cloud trail
  8566 | D:8      | Noticed Joseph
  8578 | D:8      | Killed Joseph
  8579 | D:8      | Reached skill level 5 in Invocations
  8666 | D:8      | XOM: silly message
  9102 | D:8      | Noticed a two-headed ogre
  9126 | D:8      | Killed a two-headed ogre
  9127 | D:8      | Reached skill level 14 in Axes
  9442 | D:8      | Noticed Erica
  9461 | D:8      | Killed Erica
  9462 | D:8      | Reached skill level 10 in Fighting
  9544 | D:8      | XOM: divination: detect items
  9616 | D:8      | XOM: noise
 10087 | D:9      | Reached skill level 15 in Axes
 10122 | D:9      | XOM: 4-stop teleportation journey
 10180 | D:9      | Reached XP level 11. HP: 47/111 MP: 18/18
 10186 | D:9      | Found a staircase to the Orcish Mines.
 10478 | D:9      | XOM: noise
 11212 | D:10     | Entered Level 10 of the Dungeon
 11234 | D:10     | Noticed a centaur warrior
 11247 | D:10     | Killed a centaur warrior
 11248 | D:10     | Reached skill level 16 in Axes
 11250 | D:10     | Noticed a centaur warrior
 11258 | D:10     | Killed a centaur warrior
 11260 | D:10     | Noticed a red ugly thing
 11273 | D:10     | Killed a red ugly thing
 11499 | Orc:1    | Entered Level 1 of the Orcish Mines
 11499 | Orc:1    | Noticed Sonja
 11521 | Orc:1    | Killed Sonja
 11523 | Orc:1    | Found a radiant altar of Vehumet.
 11523 | Orc:1    | XOM: 1-stop teleportation journey
 11524 | Orc:1    | Noticed an orc high priest
 11529 | Orc:1    | Killed an orc high priest
 12069 | Orc:1    | XOM: 1-stop teleportation journey
 12072 | Orc:1    | Noticed an orc knight
 12087 | Orc:1    | Reached skill level 17 in Axes
 12141 | Orc:1    | Reached XP level 12. HP: 108/121 MP: 21/21
 12279 | Orc:1    | Reached ***** piety under Zin
 12472 | Orc:1    | Noticed a two-headed ogre
 12472 | Orc:1    | Noticed a two-headed ogre
 12474 | Orc:1    | Noticed a two-headed ogre
 12519 | Orc:1    | Killed a two-headed ogre
 12559 | Orc:1    | Killed a two-headed ogre
 12560 | Orc:1    | Reached skill level 10 in Invocations
 12908 | Orc:1    | Killed a two-headed ogre
 12926 | Orc:1    | XOM: cloud trail
 13367 | Orc:1    | Noticed a two-headed ogre
 13412 | Orc:2    | Entered Level 2 of the Orcish Mines
 13415 | Orc:2    | Noticed a two-headed ogre
 13415 | Orc:2    | Noticed a two-headed ogre
 13416 | Orc:2    | Noticed a two-headed ogre
 13596 | Orc:2    | Noticed an ogre mage
 13989 | Orc:2    | Noticed a two-headed ogre
 13990 | Orc:2    | Noticed a two-headed ogre
 13990 | Orc:2    | Noticed an ogre mage
 13993 | Orc:2    | Noticed a two-headed ogre
 14018 | Orc:1    | XOM: give mutations
 14018 | Orc:1    | Gained mutation: You sometimes lose the ability to read
                  | scrolls when taking damage. [Xom's mischief]
 14027 | Orc:2    | Noticed a two-headed ogre
 14034 | Orc:2    | Noticed a two-headed ogre
 14034 | Orc:2    | Noticed an ogre mage
 14034 | Orc:2    | Noticed a two-headed ogre
 14041 | Orc:1    | Killed a two-headed ogre
 14460 | Orc:1    | XOM: give mutation
 14495 | Orc:1    | Killed a two-headed ogre
 14606 | Orc:1    | Killed a two-headed ogre
 14679 | Orc:1    | XOM: give mutation
 14862 | Orc:1    | XOM: confusion (+ monsters)
 15104 | Orc:1    | Killed a two-headed ogre
 15112 | Orc:1    | Killed a two-headed ogre
 15149 | Orc:1    | Killed a two-headed ogre
 15150 | Orc:1    | Reached XP level 13. HP: 87/130 MP: 23/23
 15642 | D:10     | HP: 4/130 [manticore (11)]
 15643 | D:10     | Zin protects you from harm!
 15643 | D:10     | Slain by a manticore

Illustrated notes

Levels and vault maps discovered:
D:1:      saegor_arrival_miasma, layout_basic,
          hellmonk_ecumenical_altar_run_dry, kennysheep_crisscross,
          chequers_serial_rivers_micro_d, minmay_tetromino_l2
D:2:      layout_rooms
D:3:      layout_loops_ring, grunt_ministairs_6, kennysheep_generic_room_3
D:4:      layout_loops_cross, kiku_gazebo_garden_becter,
          nicolae_wooded_promenade, uniq_sigmund
D:5:      layout_basic, minmay_temple_entry_from_below_a,
          nicolae_ossuary_entry_plus, uniq_ijyb, uniq_edmund
D:6:      layout_basic
D:7:      layout_loops_corners
D:8:      layout_gridville, uniq_erica, uniq_joseph
D:9:      layout_cave_pools, minmay_orc_entry_guard_dogs
D:10:     minmay_the_grid_square_5x5_4x4
          [minmay_the_grid_square_5x5_fancy_junction,
          minmay_the_grid_square_5x5_dogpile,
          minmay_the_grid_square_5x5_three_walls,
          minmay_the_grid_square_5x5_half_checkered,
          minmay_the_grid_square_5x5_two_small,
          minmay_the_grid_square_5x5_prize_itemx,
          minmay_the_grid_square_5x5_prize_deathbox,
          minmay_the_grid_square_5x5_minimal, minmay_the_grid_square_5x5_plus,
          minmay_the_grid_square_5x5_prize_open,
          minmay_the_grid_square_5x5_prize_snowflake,
          minmay_the_grid_square_5x5_eight, minmay_the_grid_square_5x5_two,
          minmay_the_grid_square_5x5_doubleslash,
          minmay_the_grid_square_5x5_shrine2, minmay_the_grid_square_5x5_tie],
          layout_rooms, mainiacjoe_overflow_catwalk_spiral, slow_altar_2
Temple:   compressed_dpeg_circular_temple
Orc:1:    lemuel_ogre_cave, layout_caves, basic_altar, guppyfry_library_mini,
          uniq_sonja
Orc:2:    st_orc_ogre_mass, layout_caves

Skill      XL: |  1  2  3  4  5  6  7  8  9 10 11 12 13 |
---------------+----------------------------------------+-----
Armour         | 1 2 3 4 5 7 8 9 |  9.0
Fighting       | 4 5 6 7 8 10 11 12 | 12.9
Axes           | 5 6 7 8 10 13 15 17 | 17.9
Maces & Flails | 1 2 |  2.3
Invocations    | 4 7 9 11 | 11.4
Dodging        | 4 |  4.8
Stealth        | |  1.5

Action                   |  1- 3 |  4- 6 |  7- 9 | 10-12 | 13-15 || total
-------------------------+-------+-------+-------+-------+-------++-------
Melee: Hand axe          |    66 |       |       |       |       ||    66
       Dagger            |   114 |   122 |       |       |       ||   236
       War axe           |       |    46 |       |       |       ||    46
       Broad axe         |       |     9 |   201 |   373 |    16 ||   599
       Battleaxe         |       |       |       |     6 |       ||     6
Throw: Dart              |       |     7 |     2 |     8 |       ||    17
       Throwing net      |       |       |     1 |       |       ||     1
Invok: Recite            |       |       |     4 |    33 |     2 ||    39
       Donate Gold       |       |       |     1 |       |       ||     1
       Vitalisation      |       |       |       |     4 |     1 ||     5
Evoke: Wand              |       |       |     7 |       |       ||     7
  Use: Scroll            |       |     5 |     9 |     8 |       ||    22
       Potion            |       |       |       |     7 |     2 ||     9
 Stab: Invisible         |       |       |     1 |     6 |     1 ||     8
       Paralysed         |       |       |       |     8 |       ||     8
       Confused          |       |       |       |     4 |     4 ||     8
Armor: Chain mail        |    79 |   105 |    94 |    67 |       ||   345
       Scale mail        |    19 |       |       |       |       ||    19
       Skin              |       |       |     2 |       |       ||     2
       Plate armour      |       |       |       |   123 |    19 ||   142
Dodge: Dodged            |    72 |    68 |    67 |   167 |    10 ||   384

Table legend: (Time is in decaauts)
 A = Elapsed time spent in this place.
 B = Non-inter-level travel time spent in this place.
 C = Inter-level travel time spent in this place.
 D = Time resting spent in this place.
 E = Time spent auto-exploring this place.
 F = Levels seen in this place.
 G = Mean time per level.
                   A        B        C        D        E       F      G
               +--------+--------+--------+--------+--------+-----+--------+
         Total |  15594 |  14878 |    716 |   2672 |   9742 |  14 | 1113.9 |
       Dungeon |  11549 |  11028 |    521 |   1278 |   8074 |  10 | 1154.9 |
        Temple |     49 |     31 |     18 |      0 |      0 |   1 |   49.0 |
  Orcish Mines |   3451 |   3274 |    177 |   1394 |   1306 |   2 | 1725.5 |
       Ossuary |    542 |    542 |      0 |      0 |    362 |   1 |  542.0 |
               +--------+--------+--------+--------+--------+-----+--------+

Top non-repeatable levels by time:
   Orc:1: 3383 daAuts
     D:9: 1988 daAuts
     D:4: 1829 daAuts
     D:1: 1502 daAuts
     D:8: 1493 daAuts
     D:5: 1113 daAuts
     D:6: 1040 daAuts
     D:7: 1035 daAuts
     D:3: 870 daAuts
     D:2: 591 daAuts
 Ossuary: 542 daAuts
    D:10: 84 daAuts
   Orc:2: 68 daAuts
  Temple: 49 daAuts
